 Dungeon Sprint DCSS version 0.19-a0-1786-g230130f (webtiles) character file.

49 wazuzu the Conjurer (level 3, -8/26 HPs)
             Began as a Draconian Wizard on Oct 3, 2016.
             Was an Initiate of Dithmenos.
             Mangled by a troll (10 damage)
             ... in the Dungeon (Sprint IX: "|||||||||||||||||||||||||||||").
             The game lasted 00:02:41 (569 turns).

wazuzu the Conjurer (Draconian Wizard)               Turns: 569, Time: 00:02:42

Health: -8/26      AC:  5    Str:  9    XL:     3   Next: 51%
Magic:  9/9        EV: 12    Int: 19    God:    Dithmenos [......]
Gold:   0          SH:  0    Dex: 12    Spells: 2 memorised, 7 levels left

rFire  . . .     SeeInvis .     m - +4 quarterstaff (speed)
rCold  . . .     Gourm    .     (armour unavailable)
rNeg   . . .     Faith    .     (shield currently unavailable)
rPois  .         Spirit   .     a - +0 hat
rElec  .         Dismiss  .     (no cloak)
rCorr  .         Reflect  .     (no gloves)
MR     .....     Harm     .     (no boots)
Stlth  ++........ NoTele   +    (no amulet)
                                o - +3 ring of dexterity
                                (no ring)

@: no status effects
A: unfitting armour, cold-blooded, AC +5
a: Renounce Religion


You were in the Dungeon.
You worshipped Dithmenos.
Dithmenos was noncommittal.
You were not hungry.

You visited 1 branch

Inventory:

Hand Weapons
 m - a +4 quarterstaff of speed (weapon)
Armour
 a - a +0 hat (worn)
Jewellery
 n - a +3 ring of strength
 o - a +3 ring of dexterity (right hand)
Wands
 l - a wand of acid (6/15)
Scrolls
 h - 3 scrolls of remove curse
 i - 2 scrolls of blinking
 j - 2 scrolls of amnesia
Potions
 d - 5 potions of curing
 e - 2 potions of heal wounds
 f - a potion of invisibility
 g - 4 potions of magic
Books
 b - a book of Minor Magic

   Spells                             Type                      Level
   a - Magic Dart                     Conjuration                  1
   b - Blink                          Translocation                2
   c - Call Imp                       Summoning                    2
   d - Repel Missiles                 Charms/Air                   2
   e - Slow                           Hexes                        2
   f - Conjure Flame                  Conjuration/Fire             3
   g - Mephitic Cloud                 Conjuration/Poison/Air       3
Comestibles
 c - a bread ration


   Skills:
 - Level 1.7 Dodging
 - Level 1.7 Stealth
 + Level 4.6 Spellcasting
 * Level 5.8 Conjurations
   Level 1.0 Summonings
   Level 1.0 Translocations


You had 7 spell levels left.
You knew the following spells:

 Your Spells              Type           Power        Failure   Level  Hunger
a - Magic Dart            Conj           ####         1%          1    None
b - Conjure Flame         Conj/Fire      ###.....     12%         3    ###....


Dungeon Overview and Level Annotations

Branches:
Dungeon (1/1)

Altars:
Cheibriados
Dithmenos
Elyvilon
Fedhas
Gozag
Hepliaklqana
Kikubaaqudgha
Makhleb
Nemelex Xobeh
Okawaru
Qazlal
Ru
Sif Muna
Trog
Uskayaw
Vehumet
Xom
Yredelemnul
Zin
The Shining One
Beogh
Jiyva
Lugonu


Innate Abilities, Weirdness & Mutations

Your plain brown scales are hard. (AC +5)
You cannot fit into any form of body armour.
You are cold-blooded and may be slowed by cold attacks.


Message History

a +2 rapier of distortion You see here an uncursed staff of energy.
There is an open door here.
There is a glowing golden altar of the Shining One here.
There is a glowing silver altar of Zin here.
There is a basalt altar of Yredelemnul here.
There is a shimmering altar of Xom here.
There is a radiant altar of Vehumet here.
Remove which piece of jewellery? (? for menu, Esc to quit)
You remove your +3 ring of strength.
You feel weaker.
There is a hide-covered altar of Uskayaw here.
There is a bloodstained altar of Trog here.
There is a deep blue altar of Sif Muna here.
The troll bites you!
Ouch! That really hurt!
The troll claws you!
* * * LOW HITPOINT WARNING * * *
The troll claws you!
You die... ▓▓▓▓▓▓▓▓▓▓▓▓▓▓▓▓▓▓▓▓▓▓▓▓▓▓▓▓▓▓▓▓▓ .'______________@T_s_____.'..|)[[ ▓▓▓▓▓▓▓▓▓▓▓▓▓▓▓▓▓▓▓▓▓▓▓▓▓▓▓▓▓▓▓▓▓

You could see a troll and a scorpion.

Vanquished Creatures
  A hound (D)
  An ooze (D)
  A worm (D)
  A leopard gecko (D)
  A bat skeleton (D)
  A goblin (D)
  A jackal (D)
  2 bats (D)
  A leopard gecko zombie (D)
  A rat (D)
11 creatures vanquished.

Notes
Turn   | Place    | Note
-------+----------+-------------------------------------------
     0 | D        | wazuzu the Draconian Wizard began the quest for the Orb.
     0 | D        | Reached XP level 1. HP: 14/14 MP: 4/4
     9 | D        | Reached skill level 2 in Conjurations
    32 | D        | Reached skill level 3 in Conjurations
    32 | D        | Reached XP level 2. HP: 6/20 MP: 0/6
   282 | D        | Reached skill level 4 in Conjurations
   295 | D        | Reached skill level 5 in Conjurations
   295 | D        | Reached XP level 3. HP: 6/26 MP: 5/9
   302 | D        | Learned a level 3 spell: Conjure Flame
   336 | D        | Found a roughly hewn altar of Beogh.
   336 | D        | Found a snail-covered altar of Cheibriados.
   336 | D        | Found a shadowy altar of Dithmenos.
   336 | D        | Found a white marble altar of Elyvilon.
   336 | D        | Found a blossoming altar of Fedhas.
   336 | D        | Found an opulent altar of Gozag.
   337 | D        | Found a hazy altar of Hepliaklqana.
   338 | D        | Found a viscous altar of Jiyva.
   339 | D        | Found an ancient bone altar of Kikubaaqudgha.
   340 | D        | Found a corrupted altar of Lugonu.
   341 | D        | Became a worshipper of Dithmenos the Shadowed
   342 | D        | Found a burning altar of Makhleb.
   343 | D        | Found a sparkling altar of Nemelex Xobeh.
   344 | D        | Found an iron altar of Okawaru.
   345 | D        | Found a stormy altar of Qazlal.
   346 | D        | Found a sacrificial altar of Ru.
   347 | D        | Found a deep blue altar of Sif Muna.
   348 | D        | Found a bloodstained altar of Trog.
   349 | D        | Found a hide-covered altar of Uskayaw.
   350 | D        | Found a radiant altar of Vehumet.
   351 | D        | Found a shimmering altar of Xom.
   352 | D        | Found a basalt altar of Yredelemnul.
   353 | D        | Found a glowing silver altar of Zin.
   354 | D        | Found a glowing golden altar of the Shining One.
   547 | D        | Noticed a troll
   547 | D        | Noticed a scorpion
   547 | D        | Noticed a phantom
   569 | D        | Mangled by a troll

Vault maps used:
D:        linesprint

Skill      XL: |  1  2 |
---------------+-------+-----
Conjurations   | 3 5 |  5.8
Spellcasting   | 4 |  4.6
Dodging        | |  1.7
Stealth        | |  1.7
Summonings     | |  1.0
Translocations | |  1.0

Action                   || total
-------------------------++-------
Melee: Unarmed           ||    22
       Dagger            ||    20
       Tailslap          ||     1
 Cast: Magic Dart        ||     8
Evoke: Wand              ||     1
  Use: Potion            ||     3
Armor: Skin              ||     6
Dodge: Dodged            ||    32
